 Dungeon Crawl Stone Soup version 0.18-a0-1721-gc4d1f22 (webtiles) character file.

104 Scytalen the Chiller (level 4, -2/27 HPs)
             Began as an Octopode Ice Elementalist on Apr 9, 2016.
             Slain by an iguana (11 damage)
             ... on level 2 of the Dungeon.
             The game lasted 00:07:09 (2336 turns).

Scytalen the Chiller (Octopode Ice Elementalist)    Turns: 2336, Time: 00:07:10

Health: -2/27      AC:  1    Str:  7    XL:     4   Next: 80%
Magic:  5/7        EV: 12    Int: 18    God:
Gold:   108        SH:  0    Dex: 12    Spells: 2 memorised, 3 levels left

rFire  . . .     SeeInvis .     a - +2 dagger (elec)
rCold  . . .     Gourm    .     (no shield)
rNeg   . . .     Faith    .     (helmet restricted)
rPois  .         Spirit   .     r - amulet of harm
rElec  .         Dismiss  .     (no ring)
rCorr  .         Reflect  .     (no ring)
SustAt .         Harm     +     (no ring)
MR     .....                    (no ring)
Stlth  +++.......               (no ring)
                                (no ring)
                                (no ring)
                                (no ring)

@: not resistant to hostile enchantments, fairly stealthy
A: almost no armour, amphibious, 8 rings, constrict 8, camouflage 1, gelatinous
body 1
a: no special abilities


You were on level 2 of the Dungeon.
You were not hungry.

You visited 1 branch of the dungeon, and saw 3 of its levels.

You collected 108 gold pieces.

Inventory:

Hand Weapons
 a - a +2 dagger of electrocution (weapon)
 b - a +0 hunting sling
Missiles
 f - a throwing net
 q - 32 stones (quivered)
 t - 24 sling bullets
Jewellery
 n - an uncursed ring of fire
 r - an amulet of harm (around mantle)
Scrolls
 c - 3 scrolls of remove curse
 g - 2 scrolls of amnesia
 j - a scroll of blinking {unknown}
 m - a scroll of immolation {unknown}
 o - a scroll of identify {unknown}
Potions
 e - a potion of might {unknown}
 i - a potion of mutation {unknown}
 k - a potion of lignification {unknown}
 l - a potion of flight {unknown}
Books
 d - a book of Frost

   Spells                             Type                      Level
   a - Freeze                         Ice                          1
   b - Throw Frost                    Conjuration/Ice              2
   c - Ozocubu's Armour               Charms/Ice                   3
   d - Throw Icicle                   Conjuration/Ice              4
   e - Summon Ice Beast               Ice/Summoning                4
Comestibles
 h - 2 beef jerkies
 p - 3 bread rations
 s - 2 chunks of flesh


   Skills:
 - Level 2.0 Dodging
 - Level 2.6 Stealth
 - Level 2.0 Spellcasting
   Level 1.0 Conjurations
 + Level 2.0 Charms
 + Level 4.8 Ice Magic


You had 3 spell levels left.
You knew the following spells:

 Your Spells              Type           Power        Failure   Level  Hunger
a - Freeze                Ice            ###.         2%          1    #......
b - Ozocubu's Armour      Chrm/Ice       ##......     17%         3    ###....


Dungeon Overview and Level Annotations

Branches:
Dungeon (3/15)

Altars:
Gozag
Makhleb

Annotations:
D:2 exclusion: downstairs


Innate Abilities, Weirdness & Mutations

You cannot wear most types of armour.
You are amphibious.
You can wear up to eight rings at the same time.
You can use your tentacles to constrict eight enemies at once.
Your skin changes colour to match your surroundings (Stealth).
Your rubbery body absorbs attacks (AC +1).


Message History

MASSIVE DAMAGE!!
Casting: Freeze
Confirm with . or Enter, or press ? or * to list all spells.
Aiming: Freeze
Press: ? - help, Shift-Dir - straight line, f - iguana
Aim: an iguana (constricted by you)
You freeze the iguana.
The iguana is lightly wounded.
You constrict the iguana, but do no damage.
The iguana closely misses you.
You now have 6/7 mp.
Casting: Freeze
Confirm with . or Enter, or press ? or * to list all spells.
Aiming: Freeze
Press: ? - help, Shift-Dir - straight line, f/p - iguana
Aim: an iguana (lightly wounded, constricted by you)
You freeze the iguana.
The iguana seems to slow down.
The iguana is severely wounded.
You constrict the iguana. The iguana bites you!
You die...

.#.###.####.###.###..#
.#.............## ##.##
.#.########.#.## ##.#
.#.# #.##.## ##.## ##.#
#.##..###.## ##.##
#.##.#.#...##
#...#######.##.##.###.##
.........[..##.#.##
##>####
#...######.....#@#
#....# ##>....#
#.#####l## ##.##.#
#####.# #.# #..###.###.#
#.# #.# #.....####.# #.#
#.#####..#.....#.# #.#
#........##....#.# #.#
#.#####..##.####.# #.#
#.# #..##.## #.# #.###.#
#..#...###.#


You could see an iguana.

Vanquished Creatures
  An adder (D:2)
  4 gnolls
  2 worms
  2 dart slugs
  4 bats
  3 giant cockroaches
  7 goblins
  8 hobgoblins
  3 kobolds
  4 giant newts
  8 rats
46 creatures vanquished.

Notes
Turn   | Place    | Note
--------------------------------------------------------------
     0 | D:1      | Scytalen the Octopode Ice Elementalist began the quest for the Orb.
     0 | D:1      | Reached XP level 1. HP: 11/11 MP: 3/3
   244 | D:1      | Reached XP level 2. HP: 17/17 MP: 0/5
   575 | D:1      | Reached skill level 4 in Ice Magic
   718 | D:2      | Found a burning altar of Makhleb.
   734 | D:2      | Reached XP level 3. HP: 18/21 MP: 6/6
  1038 | D:2      | Learned a level 3 spell: Ozocubu's Armour
  1117 | D:2      | Found an opulent altar of Gozag.
  1262 | D:1      | Reached skill level 1 in Charms
  1656 | D:2      | Reached XP level 4. HP: 16/27 MP: 2/7
  2336 | D:2      | Slain by an iguana

Vault maps used:
D:1:      minmay_arrival_nine_rooms, corexii_corridor_pit
D:2:      lemuel_round_altar, first_bread,
          nicolae_gozag_cash_rules_everything_around_me

Skill      XL: |  1  2  3  4 |
---------------+-------------+-----
Ice Magic      | 4 |  4.8
Charms         | 1 2 |  2.0
Dodging        | |  2.0
Stealth        | |  2.6
Spellcasting   | |  2.0
Conjurations   | |  1.0

Action                   |  1- 3 |  4- 6 || total
-------------------------+-------+-------++-------
Melee: Dagger            |    31 |    16 ||    47
 Fire: Hunting sling     |    20 |    23 ||    43
 Cast: Freeze            |    19 |    11 ||    30
  Use: Scroll            |       |     2 ||     2
 Stab: Sleeping          |     7 |       ||     7
  Eat: Chunk             |     2 |     3 ||     5
